 Dungeon Crawl Stone Soup version 0.30.1-11-g7821555f0a (webtiles) character file.

Game seed: 17902565003928343435

65 lonewolfV2 the Trooper (level 4, -1/38 HPs)
             Began as a Formicid Fighter on Nov 16, 2023.
             Killed from afar by an orc wizard (9 damage)
             ... with a magic dart
             ... on level 3 of the Dungeon.
             The game lasted 00:01:55 (1726 turns).

lonewolfV2 the Trooper (Formicid Fighter)           Turns: 1726, Time: 00:01:56

Health: -1/38      AC:  9    Str: 22    XL:     4   Next: 35%
Magic:  4/4        EV:  8    Int:  8    God:
Gold:   119        SH:  0    Dex: 13    Spells: 3/3 levels left

rFire   . . .        a - +0 war axe
rCold   . . .        c - +0 buckler
rNeg    . . .        f - +0 chain mail
rPois   .            (helmet unavailable)
rElec   .            (no cloak)
rCorr   .            (no gloves)
SInv    +            (no boots)
Will    .....        (no amulet) Stlth
                     (no ring)
HPRegen 0.26/turn    (no ring)
MPRegen 0.09/turn

%: no passive effects
@: confused
A: permanent stasis, dig shafts and tunnels, antennae 3, four strong arms
a: Dig, Shaft Self


You were on level 3 of the Dungeon.
You visited 1 branch of the dungeon, and saw 3 of its levels.

You collected 119 gold pieces.

Inventory:

Hand Weapons
 a - a +0 war axe (weapon)
Armour
 c - a +0 buckler (worn)
 f - a +0 chain mail (worn)
Scrolls
 g - a scroll of vulnerability
Potions
 b - a potion of mutation
 d - a potion of might


   Skills:
 + Level 4.4 Fighting
 + Level 3.3 Axes
 - Level 3.2 Armour
 - Level 4.0 Shields


You had 3 spell levels left.
You didn't know any spells.
Your spell library contained the following spells:

 Spells                   Type           Power      Damage    Failure   Level
 Dazzling Flash           Conj/Hex       0%         N/A       100%        3
 Volatile Blastmotes      Fire/Tloc      0%         2d10      100%        3
 Iskenderun's Mystic Bla  Conj/Tloc      0%         2d3       100%        4
 Starburst                Conj/Fire      0%         6d3       100%        6


Dungeon Overview and Level Annotations

Branches:
Dungeon (3/15)

Altars:
Xom


Innate Abilities, Weirdness & Mutations

You cannot be hasted, slowed, berserked, paralysed or teleported.
You can dig through walls and to a lower floor.
You have a pair of large antennae on your head. (SInv)
Your four strong arms can wield two-handed weapons with a shield.


Message History

The orc wizard hits you but does no damage.
The orc hits you from afar with a +0 trident.
You bump into the rock wall.
The orc wizard gestures at you while chanting.
You are more confused.
The orc barely misses you.
You're too confused to move!
The orc wizard hits you but does no damage.
The orc hits you but does no damage.
You closely miss the orc wizard.
The orc wizard is heavily wounded.
The orc wizard casts a spell at you. You resist with some effort.
The orc hits you but does no damage.
You closely miss the orc wizard.
The orc wizard is heavily wounded.
The orc wizard casts a spell at you.
You are more confused.
The orc hits you but does no damage.
The orc hits you from afar with a +0 trident.
The orc wizard hits you but does no damage.
You bump into the rock wall.
The orc wizard hits you but does no damage.
The orc hits you from afar with a +0 trident.
You bump into the rock wall.
The orc wizard gestures at you while chanting.
The magic dart hits you.
* * * LOW HITPOINT WARNING * * *
The orc barely misses you.
You bump into the rock wall.
The orc wizard hits you but does no damage.
The orc hits you from afar with a +0 trident.
* * * LOW HITPOINT WARNING * * *
You slash the orc wizard!
The orc wizard is almost dead.
The orc wizard barely misses you. The orc hits you but does no damage.
You closely miss the orc wizard.
The orc wizard is almost dead.
The orc wizard points at you and mumbles some strange words.
The magic dart hits you!
You die...

### #.. #
#.# .#
#.##.# #####
#<...#
......##o###
......o)@#
.....#####
###


You could see an orc wizard (invisible) and an orc.

Vanquished Creatures
  2 adders (D:2)
  A worm (D:2)
  2 orcs (D:3)
  7 ball pythons
  2 endoplasms
  A giant cockroach (D:3)
  6 goblins
  3 hobgoblins
  A quokka (D:2)
  5 bats
  4 frilled lizards
  4 kobolds
  4 rats
42 creatures vanquished.

Notes
Turn   | Place    | Note
-------+----------+-------------------------------------------
     0 | D:1      | lonewolfV2 the Formicid Fighter began the quest for the
                  | Orb.
     0 | D:1      | Reached XP level 1. HP: 18/18 MP: 1/1
   274 | D:1      | Reached XP level 2. HP: 24/24 MP: 2/2
   715 | D:2      | Found a shimmering altar of Xom.
   720 | D:2      | Reached XP level 3. HP: 30/30 MP: 3/3
   814 | D:2      | Identified the staff of earth "Miebeosk" {rElec Int-3 Dex+8
                  | SInv}
  1290 | D:2      | Reached XP level 4. HP: 26/38 MP: 4/4
  1726 | D:3      | Killed from afar by an orc wizard

Illustrated notes

Levels and vault maps discovered:
D:1:      minmay_arrival_semitransparent, layout_basic
D:2:      layout_basic, basic_altar
D:3:      layout_basic

Skill      XL: |  1  2  3 |
---------------+----------+-----
Fighting       | 4 |  4.4
Axes           | 3 |  3.3
Armour         | |  3.2
Shields        | |  4.0

Action                     |  1- 3 |  4- 6 || total
---------------------------+-------+-------++-------
  Melee: War axe           |    92 |    31 ||   123
    Use: Scroll            |     4 |       ||     4
 Armour: Scale mail        |    11 |       ||    11
         Chain mail        |    36 |    37 ||    73
  Dodge: Dodged            |    44 |    17 ||    61
  Block: Buckler           |    29 |     6 ||    35
